 Dungeon Crawl Stone Soup version 0.26-a0-259-g1effd001a9 (webtiles) character file.

Game seed: 11130889997079777581

92 Apogee the Chopper (level 4, -1/41 HPs)
             Began as a Hill Orc Abyssal Knight on July 14, 2020.
             Was a Follower of Lugonu.
             Slain by Crazy Yiuf
             ... wielding a +2 quarterstaff of chaos
              (7 damage)
             ... on level 2 of the Dungeon.
             The game lasted 00:01:30 (2219 turns).

Apogee the Chopper (Hill Orc Abyssal Knight)        Turns: 2219, Time: 00:01:31

Health: -1/41      AC:  3    Str: 15    XL:     4   Next: 60%
Magic:  6/6        EV: 11    Int: 12    God:    Lugonu [*.....]
Gold:   42         SH:  0    Dex: 10    Spells: 3/3 levels left

rFire    . . .     SeeInvis .   a - +1 hand axe
rCold    . . .     Faith    .   (no shield)
rNeg     . . .     Spirit   .   b - +0 leather armour
rPois    .         Reflect  .   (no helmet)
rElec    .         Harm     .   (no cloak)
rCorr    .                      (no gloves)
MR       .....                  (no boots)
Stlth    +.........             (no amulet)
HPRegen  0.13/turn              (no ring)
MPRegen  0.10/turn              (no ring)

@: no status effects
A: blurry vision 1
a: Depart the Abyss, Renounce Religion


You were on level 2 of the Dungeon.
You worshipped Lugonu.
Lugonu was aware of your devotion.
You were not hungry.

You visited 1 branch of the dungeon, and saw 2 of its levels.
You visited the Abyss 1 time.

You collected 42 gold pieces.

Inventory:

Hand Weapons
 a - a +1 hand axe (weapon)
Armour
 b - a +0 leather armour (worn)
 j - a cursed +0 helmet
Scrolls
 d - 2 scrolls of identify {unknown}
 e - 2 scrolls of fog {unknown}
 f - 4 scrolls of remove curse {unknown}
 g - a scroll of amnesia {unknown}
 h - 3 scrolls of noise {unknown}
 i - a scroll of fear {unknown}
Comestibles
 c - 9 rations


   Skills:
 + Level 4.5 Fighting
 * Level 5.0 Axes
 - Level 2.3 Armour
 - Level 1.0 Dodging
 - Level 2.6 Invocations


You had 3 spell levels left.
You didn't know any spells.
Your spell library was empty.

Dungeon Overview and Level Annotations

Branches:
Dungeon (2/15)

Altars:
Trog
Yredelemnul

Annotations:
D:2 Crazy Yiuf


Innate Abilities, Weirdness & Mutations

Scrolls take you a little longer to read.


Message History

Okay, then.
You slash Crazy Yiuf!
Crazy Yiuf is heavily wounded.
Crazy Yiuf closely misses you.
You barely miss Crazy Yiuf.
Crazy Yiuf is heavily wounded.
Crazy Yiuf barely misses you.
You closely miss Crazy Yiuf.
Crazy Yiuf is heavily wounded.
Crazy Yiuf barely misses you.
You hit Crazy Yiuf but do no damage.
Crazy Yiuf is heavily wounded.
Crazy Yiuf barely misses you.
You hit Crazy Yiuf but do no damage.
Crazy Yiuf is heavily wounded.
Crazy Yiuf hits you but does no damage.
You barely miss Crazy Yiuf.
Crazy Yiuf is heavily wounded.
Crazy Yiuf hits you with a +2 quarterstaff of chaos!
You die...

....#......###....####.###.......
...........# #....# #.# ##...###
.........>.# ♣....♣ #.# #...#
...........# ♣...♣♣ #†# #...#
...........# ♣♣.♣♣ #.# #...#
...........# ♣.♣♣ #.# #...#
...........# ♣♣.♣ #.# #...#
...........# ♣.♣♣ #.# #####
...........# ♣♣@♣ #.##
....##.....# #g# #..####
###.>...#### ... #.....####
#.>.##### #...# ##.......###
..### #..)# #####.....# ### #####
####### #


You could see Crazy Yiuf.

Vanquished Creatures
  3 adders (D:2)
  3 oozes
  A worm (D:2)
  A dart slug (D:1)
  2 leopard geckos
  2 ball pythons (D:1)
  5 giant cockroaches
  7 goblins
  2 hobgoblins (D:2)
  3 jackals (D:1)
  8 kobolds
  3 bats
  2 rats
42 creatures vanquished.

Notes
Turn   | Place    | Note
-------+----------+-------------------------------------------
     0 | Abyss:1  | Apogee the Hill Orc Abyssal Knight began the quest for the
                  | Orb.
     0 | Abyss:1  | Reached XP level 1. HP: 19/19 MP: 2/2
    47 | Abyss:1  | Noticed a neqoxec
    47 | Abyss:1  | Gained mutation: Scrolls take you a little longer to read.
                  | [a neqoxec]
    50 | Abyss:1  | Noticed a quasit
    54 | D:1      | Escaped the Abyss
   341 | D:1      | Reached * piety under Lugonu
   424 | D:1      | Reached skill level 1 in Dodging
   424 | D:1      | Reached XP level 2. HP: 22/27 MP: 4/4
   507 | D:1      | Reached skill level 3 in Axes
  1003 | D:1      | Reached XP level 3. HP: 31/33 MP: 5/5
  1495 | D:2      | Reached skill level 4 in Axes
  1578 | D:2      | Reached XP level 4. HP: 19/41 MP: 6/6
  1748 | D:2      | Found a basalt altar of Yredelemnul.
  1939 | D:2      | Found a runed translucent door.
  1940 | D:2      | Noticed Crazy Yiuf
  1983 | D:2      | Found a bloodstained altar of Trog.
  2103 | D:2      | Reached skill level 5 in Axes
  2219 | D:2      | Slain by Crazy Yiuf

Illustrated notes

Levels and vault maps discovered:
D:1:      roderic_dead_forest, layout_loops_ring
D:2:      layout_rooms, lemuel_crystal_altar, trog_book, uniq_crazy_yiuf_cottage

Skill      XL: |  1  2  3  4 |
---------------+-------------+-----
Dodging        | 1 |  1.0
Axes           | 3 4 5 |  5.0
Fighting       | 4 |  4.5
Armour         | |  2.3
Invocations    | |  2.6

Action                   |  1- 3 |  4- 6 || total
-------------------------+-------+-------++-------
Melee: Hand axe          |   102 |    48 ||   150
Invok: Depart the Abyss  |     1 |       ||     1
  Eat: Ration            |     1 |       ||     1
Armor: Leather armour    |    33 |     5 ||    38
Dodge: Dodged            |    90 |    28 ||   118

Table legend:
 A = Non-vault XP
 B = Vault XP
 C = Vault XP percentage of total XP
 D = Non-vault monster count
 E = Vault monster count
 F = Vault count percentage of total count
                 A         B        C        D         E       F
            +---------+---------+-------+---------+---------+-------
      Total |     132 |       0 |   0.0 |      42 |       0 |   0.0
            +---------+---------+-------+---------+---------+-------
        D:1 |      49 |       0 |   0.0 |      23 |       0 |   0.0
        D:2 |      83 |       0 |   0.0 |      19 |       0 |   0.0
            +---------+---------+-------+---------+---------+-------
